 Dungeon Crawl Stone Soup version 0.17-a0-1842-gacc33f2 (webtiles) character file.

6903 Lysie the Basher (level 10, -8/77 HPs)
             Began as a Minotaur Fighter on Sept 17, 2015.
             Was a Follower of Okawaru.
             Mangled by a deep elf knight
             ... wielding a +0 short sword
              (13 damage)
             ... in a bailey.
             The game lasted 00:29:22 (8431 turns).

Lysie the Basher (Minotaur Fighter)                 Turns: 8431, Time: 00:29:22

Health: -8/77      AC: 11    Str: 24    XL:     10   Next: 79%
Magic:  9/9        EV: 12    Int:  5    God:    Okawaru [*.....]
Gold:   0          SH: 15    Dex: 10    Spells: 0 memorised, 9 levels left

rFire  . . .     SeeInvis .     t - +4 whip
rCold  . . .     Clarity  .     b - +0 scale mail
rNeg   . . .     SustAt   .     c - +1 shield
rPois  .         Gourm    .     (helmet restricted)
rElec  .         Spirit   .     (no cloak)
rCorr  .         Warding  .     s - +0 pair of gloves
rMut   .         Stasis   .     (no boots)
MR     .....                    G - amulet of regeneration
Stlth  +.........               (no ring)
                                (no ring)

@: heroism, very slightly contaminated, invisible, not resistant to hostile
enchantments, very unstealthy
A: retaliatory headbutt, horns 2
a: Heroism, Renounce Religion


You were in a bailey.
You worshipped Okawaru.
Okawaru was aware of your devotion.
You were not hungry.

You visited 2 branches of the dungeon, and saw 11 of its levels.
You also visited: Bailey.

You collected 220 gold pieces.
You spent 220 gold pieces at shops.

Inventory:

Hand weapons
 t - a +4 whip (weapon)
Missiles
 r - 3 javelins (quivered)
Armour
 b - a +0 scale mail (worn)
 c - a +1 shield (worn)
 s - a +0 pair of gloves (worn)
Jewellery
 F - an uncursed ring of ice
 G - an amulet of regeneration (around neck)
Scrolls
 d - a scroll of brand weapon
 f - 2 scrolls of immolation
 h - a scroll of enchant armour
 j - 5 scrolls of amnesia
 l - 3 scrolls of magic mapping
 n - 3 scrolls of random uselessness
 o - 2 scrolls of identify
 p - 2 scrolls of noise
 u - 4 scrolls of remove curse
 w - a scroll of blinking {unknown}
 y - a scroll of fear {unknown}
 z - a scroll of enchant weapon {unknown}
 H - a scroll of fog
 J - a scroll of teleportation {unknown}
Potions
 g - 7 potions of curing
 k - 4 potions of brilliance
 q - 2 potions of cancellation
 A - 3 potions of lignification
 B - a potion of resistance {unknown}
 C - a potion of cure mutation {unknown}
 D - 2 potions of agility {unknown}
 E - a potion of haste {unknown}
 I - a potion of poison {unknown}
 K - a potion of mutation {unknown}
 N - a potion of invisibility
Comestibles
 e - 4 bread rations
 i - 2 meat rations
 L - 2 royal jellies


   Skills:
 - Level 3.6(8.6) Fighting
 * Level 13.9(18.9) Maces & Flails
 + Level 8.9(13.9) Armour
 + Level 11.5(16.5) Shields


You had 9 spell levels left.
You didn't know any spells.

Dungeon Overview and Level Annotations

Branches:
Dungeon (10/15)            Temple (1/1) D:7
   Lair: D:8-11         Orc: D:9-12

Altars:
Ashenzari
Cheibriados
Dithmenos
Elyvilon
Fedhas
Gozag
Kikubaaqudgha
Makhleb
Nemelex Xobeh
Okawaru
Qazlal
Ru
Sif Muna
Trog
Vehumet
Xom
Yredelemnul
Zin
The Shining One

Shops:
D:4 !   D:6 %   D:9 !

Annotations:
D:9 Maurice


Innate Abilities, Weirdness & Mutations

You reflexively headbutt those who attack you in melee.
You have a pair of horns on your head.


Message History

You closely miss something. Something hits you!
* * * LOW HITPOINT WARNING * * *
Something blocks your attack.
Your headbutt misses something. Something hits you!
* * * LOW HITPOINT WARNING * * *
You hit something but do no damage.
Press: ? - help, v - describe, . - travel The floor, spattered with blood.
Drink which item? (? for menu, Esc to quit)
You feel much better. Something hits you!
* * * LOW HITPOINT WARNING * * *
Something hits you!
* * * LOW HITPOINT WARNING * * *
Drink which item? (? for menu, Esc to quit)
You fade into invisibility!
Something hits you!
* * * LOW HITPOINT WARNING * * *
You are very lightly contaminated with residual magic.
Something hits you!
You die...

##### ######...######
##..##..∩..##..##
#....#.....#....#
#....##...##.)..#
##{@######'##..##
#'##)..###...######
..##.....#.....##..##
#...
#.....#..∩..#....#
#..
#.....#.....#....#
##.
##....#....###).## #
#####)##### #'##
##....#)...###..##
#.....#)....#....#


There were no monsters in sight!

Vanquished Creatures
  The ghost of Garrluk the Carver, an experienced FoFi of the Shining One (D:9)
  Pikel (D:7)
  A deep elf priest (Bailey)
  Sigmund (D:2)
  4 deep elf fighters (Bailey)
  2 deep elf magi (Bailey)
  Eustachio (D:5)
  A hippogriff (D:8)
  2 humans (D:8)
  Menkaure (D:5)
  The ghost of godescalc the Chiller, an average MfIE (D:5)
  A hungry ghost (D:7)
  3 water moccasins
  Duvessa (D:5)
  2 sky beasts
  4 ogres
  2 ice beasts
  An orc warrior (D:9)
  2 phantoms
  4 centaurs (D:8)
  Dowan (D:5)
  8 giant frogs
  3 scorpions
  A jelly (D:5)
  6 crimson imps
  3 hounds
  9 orc wizards
  4 orc priests
  2 giant frog skeletons
  Jessica (D:3)
  Terence (D:2)
  An iguana (D:7)
  7 worker ants
  2 hound skeletons (D:6)
  3 worker ant zombies
  9 adders
  7 gnolls
  3 shadow imps
  2 adder zombies
  2 worms
  6 giant geckos
  26 orcs
  4 ball pythons
  10 bats
  12 giant cockroaches
  10 goblins
  6 hobgoblins
  8 jackals
  6 kobolds
  A giant gecko skeleton (D:5)
  5 giant newts
  2 quokkas
  A quokka skeleton (D:5)
  10 rats
218 creatures vanquished.

Vanquished Creatures (others)
  A giant newt (D:2)
  A plant (D:5)
2 creatures vanquished.

Grand Total: 220 creatures vanquished

Notes
Turn   | Place    | Note
--------------------------------------------------------------
     0 | D:1      | Lysie the Minotaur Fighter began the quest for the Orb.
     0 | D:1      | Reached XP level 1. HP: 19/19 MP: 0/0
   145 | D:1      | Reached skill level 4 in Shields
   156 | D:1      | Reached XP level 2. HP: 23/26 MP: 1/1
   830 | D:2      | Found a white marble altar of Elyvilon.
   854 | D:2      | Noticed Terence
   861 | D:2      | Reached XP level 3. HP: 22/31 MP: 2/2
   863 | D:2      | Killed Terence
   913 | D:2      | Noticed Sigmund
   943 | D:2      | Killed Sigmund
   943 | D:2      | Reached skill level 5 in Armour
   943 | D:2      | Reached skill level 5 in Shields
   943 | D:2      | Reached XP level 4. HP: 21/39 MP: 3/3
   943 | D:2      | Reached XP level 5. HP: 24/45 MP: 4/4
  1028 | D:2      | Reached skill level 6 in Shields
  1379 | D:3      | Noticed Jessica
  1386 | D:3      | Killed Jessica
  1621 | D:3      | Reached XP level 6. HP: 48/51 MP: 5/5
  1796 | D:3      | Found a white marble altar of Elyvilon.
  2457 | D:4      | Reached skill level 5 in Maces & Flails
  2609 | D:4      | Found Viofam's Distillery.
  2612 | D:4      | Bought a potion of heal wounds for 70 gold pieces
  2612 | D:4      | Bought a potion of heal wounds for 70 gold pieces
  3042 | D:5      | Entered Level 5 of the Dungeon
  3183 | D:5      | Noticed Menkaure
  3183 | D:5      | Reached XP level 7. HP: 51/57 MP: 6/6
  3186 | D:5      | Noticed godescalc's ghost (average MfIE)
  3398 | D:5      | Killed Menkaure
  3398 | D:5      | Reached skill level 7 in Shields
  3700 | D:5      | Noticed Duvessa
  3700 | D:5      | Noticed Dowan
  3733 | D:5      | Killed Duvessa
  3738 | D:5      | Killed Dowan
  3958 | D:5      | Reached XP level 8. HP: 47/64 MP: 7/7
  4087 | D:5      | Reached skill level 8 in Shields
  4114 | D:5      | Killed godescalc's ghost
  4299 | D:5      | Noticed Eustachio
  4342 | D:5      | Killed Eustachio
  4611 | D:6      | Reached skill level 9 in Maces & Flails
  5150 | D:6      | Found a stormy altar of Qazlal.
  5154 | D:6      | Found a blossoming altar of Fedhas.
  5154 | D:6      | Found a sacrificial altar of Ru.
  5161 | D:6      | Found a glowing golden altar of the Shining One.
  5163 | D:6      | Found a radiant altar of Vehumet.
  5210 | D:6      | Found Joadooli's Food Emporium.
  5338 | D:7      | Reached XP level 9. HP: 65/70 MP: 8/8
  5515 | D:7      | Reached skill level 10 in Maces & Flails
  6126 | D:7      | Noticed Pikel
  6149 | D:7      | Killed Pikel
  6149 | D:7      | Reached skill level 11 in Maces & Flails
  6149 | D:7      | Reached skill level 10 in Shields
  6210 | D:7      | Found a staircase to the Ecumenical Temple.
  6220 | Temple   | Entered the Ecumenical Temple
  6857 | D:8      | Reached skill level 12 in Maces & Flails
  6880 | D:8      | Found an iron altar of Okawaru.
  6897 | D:8      | Reached XP level 10. HP: 55/77 MP: 9/9
  6976 | D:8      | Became a worshipper of Warmaster Okawaru
  7327 | D:8      | Acquired Okawaru's first power
  7443 | D:9      | Found Fiece's Distillery.
  7454 | D:9      | Bought a potion of heal wounds for 80 gold pieces
  7803 | D:9      | Noticed Garrluk's ghost (experienced FoFi)
  7833 | D:10     | Entered Level 10 of the Dungeon
  7964 | D:9      | Killed Garrluk's ghost
  7964 | D:9      | Reached skill level 13 in Maces & Flails
  8056 | D:9      | Noticed Maurice
  8090 | D:9      | Found a flagged portal.
  8100 | Bailey   | Entered a bailey
  8402 | Bailey   | Noticed a deep elf knight
  8431 | Bailey   | Mangled by a deep elf knight

Vault maps used:
D:1:      mainiacjoe_arrival_reflecting_pool
D:2:      elyvilon_altar_4, uniq_terence, uniq_sigmund
D:3:      lemuel_tele_altar, uniq_jessica
D:4:      first_bread, serial_shops, kennysheep_mini, patterned_corridor
D:5:      serial_bayou_pond_e, kennysheep_generic_room_11, uniq_eustachio,
          uniq_menkaure, uniq_duvessa
D:6:      minmay_overflow_temple_star_hex, serial_shops, nicolae_shop_stone,
          roderic_malta_cross, minmay_liquid_box
D:7:      minmay_temple_entry_statues_pillars, uniq_pikel
D:8:      okawaru_humans
D:9:      serial_shops, nicolae_shop_statue_plus, enter_bailey_3, uniq_maurice
D:10:     david_lair_generic
Temple:   oiseaux_autumnal_temple_12
Bailey:   bailey_polearm_3, bailey

Action                   |  1- 3 |  4- 6 |  7- 9 | 10-12 || total
-------------------------+-------+-------+-------+-------++-------
Melee: Flail             |    82 |    95 |       |       ||   177
       Whip              |       |    68 |   437 |   267 ||   772
Throw: Javelin           |       |       |     1 |       ||     1
Invok: Heroism           |       |       |       |     6 ||     6
  Use: Scroll            |       |     5 |    11 |     1 ||    17
       Potion            |       |       |     5 |     4 ||     9
  Eat: Meat ration       |       |     2 |     1 |       ||     3
       Bread ration      |       |       |     2 |     1 ||     3
       Pizza             |       |       |     1 |       ||     1
       Royal jelly       |       |       |       |     1 ||     1
